 Dungeon Crawl Stone Soup version 0.29-a0-451-gfbfa42419e (webtiles) character file.

Game seed: 16506491450254725759

3 iguanaiguana the Chopper (level 1, -1/19 HPs)
             Began as a Minotaur Cinder Acolyte on May 20, 2022.
             Was a High Priest of Ignis.
             Slain by a gnoll
             ... wielding a +0 flail
              (11 damage)
             ... on level 1 of the Dungeon.
             The game lasted 00:00:59 (78 turns).

iguanaiguana the Chopper (Minotaur Cinder Acolyte)    Turns: 78, Time: 00:00:59

Health: -1/19      AC:  2    Str: 18    XL:     1   Next: 41%
Magic:  1/1        EV: 11    Int: 11    God:    Ignis [*****.]
Gold:   0          SH:  0    Dex:  5    Spells: 2/2 levels left

rFire   + . .      SeeInvis .   a - -1 hand axe (flame)
rCold   . . .      Faith    .   (no shield)
rNeg    . . .      Spirit   .   b - +0 robe
rPois   .          Reflect  .   (helmet restricted)
rElec   .          Harm     .   (no cloak)
rCorr   .          Rampage  .   (no gloves)
Will    .....                   (no boots)
Stlth   +.........              (no amulet)
HPRegen 0.06/turn               (no ring)
MPRegen 0.07/turn               (no ring)

@: no status effects
A: horns 2, retaliatory headbutt
a: Renounce Religion, Fiery Armour, Foxfire Swarm, Rising Flame


You were on level 1 of the Dungeon.
You worshipped Ignis.
Ignis was extremely pleased with you.
You visited 1 branch of the dungeon, and saw 1 of its levels.

Inventory:

Hand Weapons
 a - a -1 hand axe of flaming (weapon)
Armour
 b - a +0 robe (worn)
 c - a +0 buckler


   Skills:
 - Level 3.6 Fighting
 + Level 3.9 Axes
 - Level 1.0 Spellcasting
 - Level 2.1 Fire Magic


You had 2 spell levels left.
You didn't know any spells.
Your spell library contained the following spells:

 Spells                   Type           Power      Damage    Failure   Level
 Scorch                   Fire           10%        2d6       21%         2


Dungeon Overview and Level Annotations

Branches:
Dungeon (1/15)

Altars:


Innate Abilities, Weirdness & Mutations

You have a pair of horns on your head.
You reflexively headbutt those who attack you in melee.


Message History

You hit the giant cockroach. You burn the giant cockroach.
You kill the giant cockroach!
A quokka comes into view.
You slash the quokka! You burn the quokka.
You kill the quokka!
No target in view!
A frilled lizard comes into view.
The frilled lizard hisses angrily.
You see here a +0 buckler.
c - a +0 buckler A gnoll comes into view.
It is wielding a +0 flail.
You miss the frilled lizard. The frilled lizard barely misses you.
The frilled lizard attacks as you move away!
The frilled lizard barely misses you. You furiously retaliate!
You headbutt the frilled lizard.
You kill the frilled lizard!
You don't know any spells.
Okay, then.
You aren't carrying any items that you can evoke.
You aren't carrying any scrolls.
You aren't carrying any potions.
Unknown command.
You aren't carrying any items that you can evoke.
Okay, then.
You barely miss the gnoll. Your headbutt misses the gnoll.
The gnoll barely misses you.
You hit the gnoll. You burn the gnoll.
The gnoll is heavily wounded.
The gnoll hits you with a +0 flail!
You barely miss the gnoll. Your headbutt misses the gnoll.
The gnoll is heavily wounded.
The gnoll closely misses you.
You hit the gnoll but do no damage.
The gnoll is heavily wounded.
The gnoll hits you with a +0 flail.
You barely miss the gnoll.
The gnoll is heavily wounded.
The gnoll hits you with a +0 flail!
Ouch! That really hurt!
You die...

### #@# # #g#
##### .#
#.#####.<.# #.###
#.##≈P##.##♣≈...##
#...≈≈♣#'#≈≈≈.....
##..≈≈≈≈≈≈≈≈≈♣
#..≈≈♣#'#≈≈≈#
##.≈♣##.##P≈#
#.###...####


You could see a gnoll.

Vanquished Creatures
  A giant cockroach (D:1)
  A quokka (D:1)
  A frilled lizard (D:1)
3 creatures vanquished.

Notes
Turn   | Place    | Note
-------+----------+-------------------------------------------
     0 | D:1      | iguanaiguana the Minotaur Cinder Acolyte began the quest
                  | for the Orb.
     0 | D:1      | Reached XP level 1. HP: 19/19 MP: 1/1
    78 | D:1      | Slain by a gnoll

Illustrated notes

Levels and vault maps discovered:
D:1:      sevenhm_arrival_forest_fort_small_4, layout_rooms, lemuel_old_faithful

Action                   || total
-------------------------++-------
Melee: Hand axe          ||     9
Dodge: Dodged            ||     7

Table legend: (Time is in decaauts)
 A = Elapsed time spent in this place.
 B = Non-inter-level travel time spent in this place.
 C = Inter-level travel time spent in this place.
 D = Time resting spent in this place.
 E = Time spent auto-exploring this place.
 F = Levels seen in this place.
 G = Mean time per level.
                   A        B        C        D        E       F      G
               +--------+--------+--------+--------+--------+-----+--------+
         Total |     83 |     78 |      5 |      0 |     34 |   1 |   83.0 |
       Dungeon |     83 |     78 |      5 |      0 |     34 |   1 |   83.0 |
               +--------+--------+--------+--------+--------+-----+--------+

Top non-repeatable levels by time:
     D:1: 83 daAuts
